 Dungeon Crawl Stone Soup version 0.29-a0-330-g52719c12eb (webtiles) character file.

Game seed: 3124118845637942174

436 kae the Firebug (level 7, -8/45 HPs)
             Began as an Octopode Fire Elementalist on Apr 18, 2022.
             Mangled by a water moccasin (10 damage)
             ... on level 7 of the Dungeon.
             The game lasted 00:02:59 (5440 turns).

kae the Firebug (Octopode Fire Elementalist)        Turns: 5440, Time: 00:02:59

Health: -8/45      AC:  1    Str:  7    XL:     7   Next: 1%
Magic:  9/11       EV: 14    Int: 19    God:
Gold:   115        SH:  0    Dex: 13    Spells: 6/12 levels left

rFire   . . .      SeeInvis .   g - +0 short sword (venom)
rCold   . . .      Faith    .   (no shield)
rNeg    . . .      Spirit   .   (helmet restricted)
rPois   .          Reflect  .   (no amulet)
rElec   .          Harm     .   (no ring)
rCorr   .          Rampage  .   (no ring)
Will    .....                   (no ring)
Stlth   ++++......              (no ring)
HPRegen 0.15/turn               (no ring)
MPRegen 0.12/turn               (no ring)
                                (no ring)
                                (no ring)

@: lethally poisoned (-8 -> -15), unable to read
A: almost no armour, amphibious, 8 rings, camouflage 1, gelatinous body 1,
(nimble swimmer 1), tentacles, inability to read while threatened
a: no special abilities


You were on level 7 of the Dungeon.
You visited 1 branch of the dungeon, and saw 6 of its levels.

You collected 115 gold pieces.

Inventory:

Hand Weapons
 g - a +0 short sword of venom (weapon)
Missiles
 p - 2 throwing nets
Jewellery
 q - a ring of protection from cold
 t - a +6 ring of intelligence
Scrolls
 i - a scroll of noise {unknown}
 j - a scroll of holy word
 n - a scroll of teleportation
 r - a scroll of fear
 s - a scroll of enchant armour
Potions
 a - a potion of magic
 b - a potion of cancellation
 f - 2 potions of lignification
 k - 2 potions of might {unknown}
 l - 2 potions of heal wounds {unknown}
 m - a potion of berserk rage {unknown}
 o - a potion of attraction {unknown}


   Skills:
 + Level 2.2 Fighting
 + Level 3.2 Dodging
 + Level 4.5 Stealth
 + Level 3.1 Spellcasting
 + Level 2.5 Conjurations
 * Level 4.8 Fire Magic


You had 6 spell levels left.
You knew the following spells:

 Your Spells              Type           Power      Damage    Failure   Level
a - Foxfire               Conj/Fire      68%        2x1d7     3%          1
b - Scorch                Fire           42%        2d7       3%          2
c - Conjure Flame         Conj/Fire      17%        6-21      10%         3

Your spell library contained the following spells:

 Spells                   Type           Power      Damage    Failure   Level
 Slow                     Hex            8%         N/A       16%         1
 Inner Flame              Hex/Fire       12%        N/A       17%         3
 Ensorcelled Hibernation  Hex/Ice        4%         N/A       22%         2
 Flame Wave               Conj/Fire      17%        2d6       32%         4
 Confusing Touch          Hex            2%         N/A       41%         3
 Gell's Gravitas          Tloc           2%         N/A       41%         3
 Lesser Beckoning         Tloc           2%         N/A       41%         3
 Spider Form              Tmut/Pois      2%         N/A       41%         3
 Teleport Other           Tloc           2%         N/A       41%         3
 Vampiric Draining        Necr           2%         2d6       41%         3
 Anguish                  Hex/Necr       1%         N/A       83%         4


Dungeon Overview and Level Annotations

Branches:
Dungeon (7/15)
 Temple: D:4-7

Altars:
Yredelemnul

Annotations:
D:2 Sigmund, Terence
D:7 exclusion: sky beast


Innate Abilities, Weirdness & Mutations

You cannot wear most types of armour.
You are amphibious.
You can wear up to eight rings at the same time.
Your skin changes colour to match your surroundings (Stealth+).
Your rubbery body absorbs attacks. (AC +1, EV +1)
((You are camouflaged when in or above water. (Stealth+)))
You have tentacles for arms and can constrict up to eight enemies at once.
You sometimes lose the ability to read scrolls when taking damage.


Message History

You closely miss the water moccasin. Your grab misses the water moccasin.
You squeeze the water moccasin, but do no damage.
The water moccasin is heavily wounded.
* * * LOW HITPOINT WARNING * * *
You feel very sick. The water moccasin barely misses you.
Casting: Foxfire (safe; 3% risk of failure)
Confirm with . or Enter, or press ? or * to list all spells.
You conjure some foxfire!
* * * LOW HITPOINT WARNING * * *
You feel very sick. The water moccasin bites you.
You feel threatened and lose the ability to read scrolls!
* * * LOW HITPOINT WARNING * * *
You are more poisoned.
The water moccasin poisons you! The water moccasin closely misses you.
* * * LOW HITPOINT WARNING * * *
You feel very sick. The water moccasin misses you.
Unknown command.
You feel better.
You can read scrolls again.
The water moccasin completely misses you.
The water moccasin bites you.
You feel threatened and lose the ability to read scrolls!
* * * LOW HITPOINT WARNING * * *
You are lethally poisoned!
The water moccasin poisons you!
Your foxfire dissipates!
The water moccasin attacks as you move away!
The water moccasin closely misses you.
* * * LOW HITPOINT WARNING * * *
You feel very sick.
Casting: Foxfire (safe; 3% risk of failure)
Confirm with . or Enter, or press ? or * to list all spells.
Flames lash the kobold.
You kill the kobold!
* * * LOW HITPOINT WARNING * * *
You feel sick. The water moccasin bites you!
You die...

#.##### #...... #.##### ##
#####.### ..######
#.......# #.....# #.###.#.#
#.....# #.#...#.#
.##.....#########.##.##.###
....)..))S@.........>...#<)
.##....o#########.#..######
#.....# #.......... #.....#
###..###### ........ #..#
.#.###### #..# #. #..# #
#..# .. #..#


You could see a water moccasin (poisoned) and an orc.

Vanquished Creatures
  A kobold brigand (D:7)
  A bullfrog (D:7)
  2 hounds (D:7)
  2 orc wizards (D:7)
  6 gnolls
  4 adders
  3 worms (D:2)
  3 dart slugs
  14 orcs
  11 bats
  4 endoplasms
  2 giant cockroaches
  4 goblins
  3 hobgoblins
  3 quokkas (D:2)
  7 ball pythons
  3 frilled lizards
  8 kobolds
  A rat (D:1)
82 creatures vanquished.

Vanquished Creatures (others)
  243 foxfires
  A plant (D:4)
244 creatures vanquished.

Grand Total: 326 creatures vanquished

Notes
Turn   | Place    | Note
-------+----------+-------------------------------------------
     0 | D:1      | kae the Octopode Fire Elementalist began the quest for the
                  | Orb.
     0 | D:1      | Reached XP level 1. HP: 11/11 MP: 3/3
   380 | D:1      | Reached XP level 2. HP: 17/17 MP: 1/5
   602 | D:1      | Learned a level 2 spell: Scorch
   718 | D:1      | Found a faded altar of an unknown god.
  1166 | D:2      | Reached XP level 3. HP: 22/22 MP: 0/6
  1170 | D:2      | Learned a level 3 spell: Conjure Flame
  1310 | D:2      | Noticed Terence
  1579 | D:2      | Noticed Sigmund
  1784 | D:2      | Reached skill level 1 in Fighting
  1820 | D:2      | Reached XP level 4. HP: 28/28 MP: 1/7
  2915 | D:3      | Reached XP level 5. HP: 33/33 MP: 4/8
  3248 | D:3      | Found a basalt altar of Yredelemnul.
  4520 | D:4      | You fall into a shaft and drop 3 floors!
  4546 | D:7      | Noticed a sky beast
  4651 | D:7      | Reached XP level 6. HP: 39/39 MP: 6/10
  5397 | D:7      | Gained mutation: You sometimes lose the ability to read
                  | scrolls when taking damage. [potion of mutation]
  5401 | D:7      | Noticed a water moccasin
  5416 | D:7      | Reached XP level 7. HP: 30/45 MP: 8/11
  5437 | D:7      | HP: 2/45 [poisoned by a water moccasin]
  5440 | D:7      | Mangled by a water moccasin

Illustrated notes

Levels and vault maps discovered:
D:1:      eino_arrival_water_star, layout_loops_ring,
          shapermc_ecumenical_altar_mp_vishouse
D:2:      layout_rooms, uniq_sigmund, uniq_terence
D:3:      layout_basic, mainiacjoe_overflow_six_doors_small
D:4:      layout_cave_pools, gammafunk_temple_overflow_forgotten,
          minmay_temple_entry_mini_moons
D:6:      layout_layer_cave, elyvilon_altar_3
D:7:      layout_basic, uniq_maggie

Skill      XL: |  1  2  3  4  5  6 |
---------------+-------------------+-----
Stealth        | 3 4 |  4.5
Fighting       | 1 2 |  2.2
Fire Magic     | 4 |  4.8
Conjurations   | 2 |  2.5
Dodging        | 3 |  3.2
Spellcasting   | 3 |  3.1

Action                   |  1- 3 |  4- 6 |  7- 9 || total
-------------------------+-------+-------+-------++-------
Melee: Unarmed           |     9 |       |       ||     9
       Tentacles         |     6 |    12 |     1 ||    19
       Short sword       |    10 |    58 |    17 ||    85
       Constrict         |     4 |    15 |       ||    19
 Cast: Foxfire           |    67 |    84 |     1 ||   152
       Scorch            |       |       |     1 ||     1
  Use: Scroll            |     2 |     5 |       ||     7
       Potion            |       |     4 |     2 ||     6
 Stab: Sleeping          |     1 |     2 |       ||     3
Armor: Skin              |     3 |    24 |    14 ||    41
Dodge: Dodged            |    16 |    33 |     9 ||    58

Table legend: (Time is in decaauts)
 A = Elapsed time spent in this place.
 B = Non-inter-level travel time spent in this place.
 C = Inter-level travel time spent in this place.
 D = Time resting spent in this place.
 E = Time spent auto-exploring this place.
 F = Levels seen in this place.
 G = Mean time per level.
                   A        B        C        D        E       F      G
               +--------+--------+--------+--------+--------+-----+--------+
         Total |   5456 |   5372 |     84 |    744 |   3923 |   6 |  909.3 |
       Dungeon |   5456 |   5372 |     84 |    744 |   3923 |   6 |  909.3 |
               +--------+--------+--------+--------+--------+-----+--------+

Top non-repeatable levels by time:
     D:3: 1807 daAuts
     D:2: 1263 daAuts
     D:1: 1149 daAuts
     D:7: 928 daAuts
     D:4: 306 daAuts
     D:6: 1 daAuts
